 Dungeon Crawl Stone Soup version 0.32-a0-886-g41c5271027 (webtiles) character file.

Game seed: 11649291124677223715

15459 KennySheep the Basher (level 12, 0/141 HPs)
             Began as a Formicid Cinder Acolyte on Apr 2, 2024.
             Was a Follower of Kikubaaqudgha.
             Slain by a fire elemental (1 damage)
             ... created by the fiery vengeance of Ignis
             ... on level 9 of the Dungeon on Apr 3, 2024.
             The game lasted 00:45:25 (15499 turns).

KennySheep the Basher (Formicid Cinder Acolyte)    Turns: 15499, Time: 00:45:25

Health: 0/141      AC: 26    Str: 20    XL:     12   Next: 57%
Magic:  0/18       EV:  2    Int: 18    God:    Kikubaaqudgha [*.....]
Gold:   588        SH:  0    Dex:  9    Spells: 13/19 levels left

rFire   . . .        a - +4 whip (pain)
rCold   . . .        C - orb {*channel}
rNeg    . . .        i - melded +1 plate armour
rPois   +            (helmet unavailable)
rElec   .            (cloak currently unavailable)
rCorr   .            t - melded +0 pair of gloves
SInv    .            (boots currently unavailable)
Will    ++...        j - amulet of guardian spirit
Stlth   +            w - ring of willpower
HPRegen 0.43/turn    (no ring)
MPRegen 0.16/turn

%: guardian spirit, channel magic (20%)
@: tree-form, invisible, fire susceptible
A: stationary, stasis, torment immunity, boosted hp, permanent stasis, dig
shafts and tunnels, (antennae 3), four strong arms
a: Renounce Religion, Unearth Wretches


You were on level 9 of the Dungeon.
You worshipped Kikubaaqudgha.
Kikubaaqudgha was aware of your devotion.
You were a tree.
You visited 3 branches of the dungeon, and saw 13 of its levels.

You collected 588 gold pieces.

Inventory:

Hand Weapons
 a - a +4 whip of pain (weapon)
 b - the +6 war axe "Cudosk" {heavy, *Slow rElec rF+}
   (You found it on level 6 of the Dungeon)

   rF+:       It protects you from fire.
   rElec:     It insulates you from electricity.
   *Slow:     It may slow you when you take damage.
 m - a +0 mace of flaming
 A - the +9 mace of the Brain {flame, rF- rCorr Str+4}
   (You found it on level 3 of the Dungeon)

   Str+4:     It affects your strength (+4).
   rF-:       It makes you vulnerable to fire.
   rCorr:     It protects you from acid and corrosion.
Missiles
 k - 2 throwing nets
Armour
 i - a +1 plate armour (melded)
 q - a +0 robe
 s - a +0 pair of boots
 t - a +0 pair of gloves (melded)
 C - an orb of energy (worn)
Jewellery
 j - an amulet of guardian spirit (around neck)
 u - an amulet of magic regeneration
 w - a ring of willpower (left branch)
 E - a ring of poison resistance
 G - the ring "Gigaelich" {Fly rF+ Str-2 Dex+4}
   (You took it off a deep elf zephyrmancer on level 9 of the Dungeon)

   [ring of protection from fire]

   Str-2:     It affects your strength (-2).
   Dex+4:     It affects your dexterity (+4).
   rF+:       It protects you from fire.
   Fly:       It grants you flight.
Wands
 g - a wand of digging (10)
 x - a wand of flame (8)
 y - a wand of polymorph (5)
Scrolls
 c - 5 scrolls of enchant armour
 f - a scroll of blinking
 h - 4 scrolls of vulnerability
 l - a scroll of fog
 n - a scroll of amnesia
 o - 2 scrolls of poison
 p - 3 scrolls of noise
 r - 2 scrolls of teleportation
 B - a scroll of revelation
 D - 4 scrolls of identify
Potions
 v - a potion of cancellation
 z - 3 potions of brilliance
 H - 2 potions of mutation


   Skills:
 + Level 8.8 Fighting
 - Level 12.0 Maces & Flails
 + Level 7.8 Armour
 + Level 4.4 Spellcasting
 * Level 11.4 Necromancy
 - Level 3.0 Fire Magic


You had 13 spell levels left.
You knew the following spells:

 Your Spells              Type           Power      Damage    Failure   Level
a - Vampiric Draining     Necr           45%        2d9       3%          3
b - Fugue of the Fallen   Necr           45%        N/A       3%          3

Your spell library contained the following spells:

 Spells                   Type           Power      Damage    Failure   Level
 Necrotise                Necr           100%       1d9       1%          1
 Kiss of Death            Conj/Necr      96%        2d12      6%          1
 Curse of Agony           Necr           45%        N/A       12%         5
 Scorch                   Fire           28%        2d6       17%         2
 Martyr's Knell           Necr/Summ      24%        N/A       30%         4
 Freeze                   Ice            12%        1d3       32%         1
 Slow                     Hex            12%        N/A       32%         1
 Jinxbite                 Hex            6%         N/A       43%         2
 Lesser Beckoning         Tloc           6%         N/A       43%         2
 Momentum Strike          Conj/Tloc      6%         3d8       43%         2
 Confusing Touch          Hex            3%         N/A       61%         3
 Frozen Ramparts          Ice            6%         1d1       61%         3
 Hailstorm                Conj/Ice       3%         3d5       61%         3
 Ozocubu's Armour         Ice            3%         N/A       61%         3
 Teleport Other           Tloc           3%         N/A       61%         3
 Metabolic Englaciation   Hex/Ice        1%         N/A       99%         5
 Yara's Violent Unravell  Hex/Alch       1%         3d3       99%         5
 Enfeeble                 Hex            1%         N/A       100%        7
 Blink                    Tloc           Unusable   N/A       N/A         2
 Maxwell's Portable Pile  Tloc           Unusable   2d(5-14)  N/A         3

Dungeon Overview and Level Annotations

Branches:
Dungeon (11/15)            Temple (1/1) D:5            Lair (1/5) D:9
    Orc (0/2) D:10

Altars:
Ashenzari
Cheibriados
Dithmenos
Elyvilon
Fedhas
Gozag
Hepliaklqana
Kikubaaqudgha
Makhleb
Nemelex Xobeh
Okawaru
Qazlal
Ru
Sif Muna
Trog
Uskayaw
Vehumet
Wu Jian
Xom
Yredelemnul
Zin
The Shining One
Beogh

Shops:
D:1 (

Annotations:
Lair:1 Nergalle


Innate Abilities, Weirdness & Mutations

You are a tree.
Your roots penetrate the ground, keeping you stationary.
You cannot be teleported.
You are immune to unholy pain and torment.
Your maximum health is greatly increased.
Your equipment is partially melded.
You cannot be hasted, slowed, berserked, paralysed or teleported.
You can dig through walls and to a lower floor.
((You have a pair of large antennae on your head. (SInv)))
Your four strong arms can wield two-handed weapons with a shield.


Message History

You feel less confused. The fire elemental hits you.
The fire elemental burns you!
* * * LOW HITPOINT WARNING * * *
The fire elemental hits you. The fire elemental burns you!
* * * LOW HITPOINT WARNING * * *
The fire elemental hits you. The fire elemental burns you!
* * * LOW HITPOINT WARNING * * *
Okay, then.
Okay, then.
You turn into a tree.
Your +0 pair of gloves melds into your body.
Your +1 plate armour melds into your body.
Your roots penetrate the ground.
The fire elemental hits you. The fire elemental burns you!
* * * LOW HITPOINT WARNING * * *
You barely miss the fire elemental.
The fire elemental is lightly damaged.
The fire elemental hits you. The fire elemental burns you!
* * * LOW HITPOINT WARNING * * *
You catch the helpless fire elemental completely off-guard!
You whack the fire elemental!
The fire elemental is heavily damaged.
The fire elemental hits you.
You hit the fire elemental but do no damage.
The fire elemental is moderately damaged.
You closely miss the fire elemental.
The fire elemental is moderately damaged.
The fire elemental hits you.
* * * LOW HITPOINT WARNING * * *
The fire elemental burns you!
* * * LOW HITPOINT WARNING * * *
You whack the fire elemental!
The fire elemental is heavily damaged.
The sentinel's mark upon you fades away.
The fire elemental hits you. The fire elemental burns you!
* * * LOW HITPOINT WARNING * * *
You fade further into invisibility.
The fire elemental hits you. The fire elemental burns you!
You die...
Kikubaaqudgha rasps: You have failed me!
Welcome... death!

#....######....# #....#
##...<..........########....#
...............)............#
..........########..........#
........÷.# #..........#
..........# #..........#
..........# #..........#
..........########..........#
................♣.........÷.#
...............E......#####.#
...........###...>....#...#.#
...###'#...# #........#...#.#
...#...#...# #........#...#.#
...#...#...# #######..#...'.#
...#...#.### #..#...#.#####
)..#...#.# #☼÷#...#......
...#####.# #..###'#......


You could see a fire elemental (unable to see you).

Vanquished Creatures
  A hydra (D:9)
  Harold (D:9)
  2 centaur warriors (D:9)
  3 two-headed ogres
  A boulder beetle (D:9)
  Pikel (D:5)
  A deep elf zephyrmancer (D:9)
  An orc sorcerer (D:9)
  An ugly thing (D:9)
  A manticore (D:9)
  A kobold demonologist (D:9)
  Jeremiah (D:9)
  2 hornets (D:9)
  Grinder (D:4)
  4 trolls
  A blink frog (Lair:1)
  Sigmund (D:2)
  2 shadows
  A wraith (D:9)
  A wyvern (D:8)
  9 yaks
  6 fire elementals
  Eustachio (D:4)
  2 steam dragons
  An acid dragon (D:9)
  2 water moccasins
  6 orc warriors
  An ogre (D:6)
  A centaur (D:9)
  A wolf (D:9)
  A phantom (D:5)
  6 kobold brigands
  5 bullfrogs
  6 scorpions
  A gnoll sergeant (D:9)
  A killer bee (D:9)
  12 howler monkeys
  3 bombardier beetles
  2 hounds (D:6)
  2 jellies
  8 orc priests
  5 iguanas
  An iron imp (D:4)
  2 gnoll boudas (D:9)
  12 orc wizards
  A sleepcap (D:6)
  10 gnolls (D:2)
  4 adders
  A shadow imp (D:5)
  2 white imps (D:5)
  2 dart slugs (D:1)
  4 ribbon worms
  31 orcs
  8 ball pythons
  9 bats
  5 endoplasms
  9 giant cockroaches
  6 goblins
  10 hobgoblins
  16 jackals
  14 kobolds
  A quokka (D:3)
  3 frilled lizards
  7 rats
268 creatures vanquished.

Vanquished Creatures (others)
  25 foxfires (D:9)
25 creatures vanquished.

Grand Total: 293 creatures vanquished

Notes
Turn   | Place    | Note
-------+----------+-------------------------------------------
     0 | D:1      | KennySheep the Formicid Cinder Acolyte began the quest for
                  | the Orb.
     0 | D:1      | Reached XP level 1. HP: 18/18 MP: 2/2
   186 | D:1      | Found Faixketz's Antique Weapon Emporium.
   260 | D:1      | Reached XP level 2. HP: 11/24 MP: 3/3
   671 | D:1      | Reached XP level 3. HP: 30/30 MP: 4/4
  1135 | D:2      | Reached skill level 4 in Maces & Flails
  1143 | D:2      | Reached XP level 4. HP: 10/37 MP: 5/5
  1144 | D:2      | Reached skill level 1 in Armour
  1751 | D:2      | Reached XP level 5. HP: 18/42 MP: 6/6
  1754 | D:2      | Reached skill level 1 in Necromancy
  2335 | D:2      | Noticed Sigmund
  2367 | D:2      | Killed Sigmund
  2368 | D:2      | Reached skill level 5 in Maces & Flails
  2368 | D:2      | Reached XP level 6. HP: 21/48 MP: 7/7
  2938 | D:3      | Reached XP level 7. HP: 45/54 MP: 8/8
  3136 | D:3      | Identified the +9 mace of the Brain {flame, rF- rCorr
                  | Str+4}
  3266 | D:3      | Found a glowing drain.
  3483 | D:4      | Noticed Grinder
  3501 | D:4      | Killed Grinder
  3502 | D:4      | Reached skill level 6 in Maces & Flails
  3517 | D:4      | Noticed Eustachio
  3694 | D:4      | Found a burning altar of Makhleb.
  3821 | D:4      | Killed Eustachio
  3822 | D:4      | Reached skill level 5 in Necromancy
  3822 | D:4      | Reached XP level 8. HP: 20/60 MP: 9/9
  4122 | D:5      | Entered Level 5 of the Dungeon
  4163 | D:5      | Reached skill level 7 in Maces & Flails
  4906 | D:5      | Noticed Pikel
  5000 | D:6      | Reached XP level 9. HP: 64/66 MP: 7/10
  5047 | D:6      | Identified the +6 war axe "Cudosk" {heavy, *Slow rElec rF+}
  5168 | D:6      | Noticed a two-headed ogre
  5182 | D:6      | Killed a two-headed ogre
  5183 | D:6      | Reached skill level 5 in Fighting
  5183 | D:6      | Reached skill level 8 in Maces & Flails
  5611 | D:6      | Found a hazy altar of Hepliaklqana.
  5662 | D:6      | Found a glowing golden altar of the Shining One.
  5969 | D:6      | Learned a level 3 spell: Vampiric Draining
  6004 | D:7      | Reached skill level 9 in Maces & Flails
  6029 | D:7      | Reached XP level 10. HP: 45/76 MP: 8/11
  6769 | D:7      | Found a shimmering altar of Xom.
  6769 | D:7      | Found a shimmering altar of Xom.
  8236 | D:9      | Reached skill level 5 in Armour
  8283 | D:9      | Noticed a two-headed ogre
  8292 | D:9      | Killed a two-headed ogre
  8293 | D:9      | Reached skill level 10 in Maces & Flails
  8313 | D:9      | Noticed a two-headed ogre
  8338 | D:9      | Killed a two-headed ogre
  8339 | D:9      | Reached XP level 11. HP: 30/83 MP: 4/12
  8654 | D:9      | Found a staircase to the Lair.
  8677 | D:9      | Noticed Harold
  8720 | D:9      | Killed Harold
  9061 | D:9      | Noticed an orc sorcerer
  9071 | D:9      | Killed an orc sorcerer
  9122 | D:9      | Reached skill level 11 in Maces & Flails
  9122 | D:9      | Reached skill level 10 in Necromancy
  9207 | D:9      | Identified the ring "Gigaelich" {Fly rF+ Str-2 Dex+4}
  9207 | D:9      | Noticed a deep elf zephyrmancer
  9215 | D:9      | Killed a deep elf zephyrmancer
  9245 | D:9      | Noticed a boulder beetle
  9255 | D:9      | Noticed a white ugly thing
  9466 | D:9      | Noticed a centaur warrior
  9479 | D:9      | Killed a centaur warrior
  9542 | D:9      | Noticed a centaur warrior
  9546 | D:9      | Noticed a six-headed hydra
  9675 | D:9      | Noticed Jeremiah
  9689 | D:9      | Killed Jeremiah
  9956 | D:9      | Killed a centaur warrior
  9971 | D:9      | Noticed an eight-headed hydra
 10182 | D:5      | Killed Pikel
 10597 | D:5      | Found a staircase to the Ecumenical Temple.
 10609 | Temple   | Entered the Ecumenical Temple
 10678 | Temple   | Fell from the grace of Ignis
 10678 | Temple   | Became a worshipper of Kikubaaqudgha
 11316 | D:9      | Killed an eight-headed hydra
 11317 | D:9      | Reached XP level 12. HP: 20/92 MP: 5/16
 11439 | D:9      | You fall into a shaft and drop 1 floor!
 11439 | D:10     | Entered Level 10 of the Dungeon
 12150 | D:6      | You fall into a shaft and drop 2 floors!
 12691 | D:6      | You fall into a shaft and drop 1 floor!
 13055 | D:9      | Identified the +8 chain mail "Miusuihu" {+Blink rPois}
 13110 | D:9      | Killed a boulder beetle
 14003 | D:9      | Reached skill level 12 in Maces & Flails
 14264 | D:9      | You fall into a shaft and drop 1 floor!
 14478 | D:10     | Found a staircase to the Orcish Mines.
 14529 | D:10     | Reached * piety under Kikubaaqudgha
 14529 | D:10     | Received a gift from Kikubaaqudgha
 14535 | D:10     | Learned a level 3 spell: Fugue of the Fallen
 14800 | D:10     | Found an opulent altar of Gozag.
 14951 | D:10     | Found a roughly hewn altar of Beogh.
 15096 | D:11     | Noticed an occultist
 15442 | Lair:1   | Entered Level 1 of the Lair of Beasts
 15461 | Lair:1   | Noticed Nergalle
 15497 | D:9      | HP: 5/141 [fire elemental[the fiery vengeance of Ignis]
                  | (6)]
 15498 | D:9      | HP: 1/141 [fire elemental[the fiery vengeance of Ignis]
                  | (5)]
 15499 | D:9      | Slain by a fire elemental

Illustrated notes

Levels and vault maps discovered:
D:1:      dpeg_arrival_another_circle, layout_basic, serial_shops,
          nicolae_shop_scrapyard, minmay_pentomino_t4
D:2:      layout_loops_corners, uniq_sigmund
D:3:      layout_loops_cross, gup_sewer_entry_glass
D:4:      layout_rooms, demons_altar, uniq_grinder, uniq_eustachio
D:5:      layout_loops_cross, minmay_temple_entry_nine_rooms,
          minmay_misc_feat_more_columns, minmay_misc_feat_roman, st_stairs_11,
          chequers_serial_rivers_micro_d, minmay_liquid_box,
          kennysheep_generic_room_11, uniq_pikel
D:6:      layout_loops_ring, overflow_temple_1_default, amcnicky_altar_gilded,
          minmay_statues_item, kennysheep_small_spiral, minmay_door_square,
          grunt_decor_arrowhead
D:7:      layout_rooms, xom_redecorated, serial_co_window_serial,
          co_window_of_opportunity_a, co_window_cross_1, co_window_paths_b,
          co_window_corner_a, co_window_paths_b, co_window_corner_b,
          co_window_broadway_b, co_window_cross_4, co_window_cross_3,
          co_window_of_opportunity_b, co_window_paths_d, minivault_27
D:8:      layout_basic
D:9:      minmay_the_grid_net [minmay_the_grid_square_x,
          minmay_the_grid_tri_star, minmay_the_grid_minigrid_large,
          minmay_the_grid_mess, minmay_the_grid_minigrid_small,
          minmay_the_grid_prize_big_room], layout_irregular_city, uniq_jeremiah,
          uniq_harold
D:10:     layout_cave_pools, nicolae_overflow_crystal_walls,
          minmay_orc_entry_temple_small
D:11:     cheibrodos_wizards_tower, layout_rooms,
          nicolae_yredelemnul_corpse_copse, uniq_amaemon
Temple:   minmay_temple_bridge_d
Lair:1:   layout_roguey, portal_ice_cave_demonic_guard, serial_bayou_shore_a,
          uniq_grum, uniq_nergalle

Skill      XL: |  1  2  3  4  5  6  7  8  9 10 11 12 |
---------------+-------------------------------------+-----
Maces & Flails | 4 5 6 7 9 10 11 12 | 12.0
Fighting       | 4 5 6 8 |  8.8
Armour         | 1 2 4 5 7 |  7.8
Necromancy     | 3 5 6 7 9 10 11 | 11.4
Spellcasting   | 3 4 |  4.4
Fire Magic     | |  3.0

Action                     |  1- 3 |  4- 6 |  7- 9 | 10-12 || total
---------------------------+-------+-------+-------+-------++-------
  Melee: Mace              |    91 |     7 |    12 |    31 ||   141
         Whip              |       |   167 |   329 |   623 ||  1119
         War axe           |       |       |       |    10 ||    10
   Cast: Vampiric Draining |       |       |       |     5 ||     5
 Invoke: Fiery Armour      |     3 |     3 |     2 |     2 ||    10
         Foxfire Swarm     |       |       |       |     2 ||     2
         Rising Flame      |       |       |       |     1 ||     1
Ability: Dig               |       |       |       |     5 ||     5
         Shaft Self        |       |       |       |     4 ||     4
  Evoke: Wand              |       |       |       |    14 ||    14
    Use: Scroll            |     1 |     8 |     5 |    11 ||    25
         Potion            |       |     6 |     2 |     8 ||    16
   Stab: Invisible         |       |       |       |     6 ||     6
 Armour: Robe              |    35 |       |       |       ||    35
         Plate armour      |    51 |   170 |   281 |   628 ||  1130
         Skin              |       |     6 |       |    12 ||    18
  Dodge: Dodged            |    59 |    56 |    67 |   140 ||   322

Table legend: (Time is in decaauts)
 A = Elapsed time spent in this place.
 B = Non-inter-level travel time spent in this place.
 C = Inter-level travel time spent in this place.
 D = Time resting spent in this place.
 E = Time spent auto-exploring this place.
 F = Levels seen in this place.
 G = Mean time per level.
                   A        B        C        D        E       F      G
               +--------+--------+--------+--------+--------+-----+--------+
         Total |  15132 |  14229 |    903 |   4273 |   7468 |  13 | 1164.0 |
       Dungeon |  14972 |  14205 |    767 |   4273 |   7468 |  11 | 1361.1 |
        Temple |    138 |      2 |    136 |      0 |      0 |   1 |  138.0 |
          Lair |     20 |     20 |      0 |      0 |      0 |   1 |   20.0 |
               +--------+--------+--------+--------+--------+-----+--------+

Top non-repeatable levels by time:
     D:9: 2578 daAuts
     D:8: 2414 daAuts
     D:5: 1807 daAuts
     D:2: 1597 daAuts
     D:6: 1402 daAuts
     D:7: 1376 daAuts
    D:10: 1260 daAuts
     D:1: 1058 daAuts
     D:3: 786 daAuts
     D:4: 655 daAuts
  Temple: 138 daAuts
    D:11: 34 daAuts
  Lair:1: 20 daAuts
